 Dungeon Crawl Stone Soup version 0.31.0-32-g396128a36d (webtiles) character file.

Game seed: 12021554803479677949

1500 Alphaeus the Ruffian (level 8, 0/54 HPs)
             Began as an Octopode Shapeshifter on Mar 19, 2024.
             Succumbed to a killer bee's poison
             ... on level 6 of the Dungeon.
             The game lasted 00:03:56 (4627 turns).

Alphaeus the Ruffian (Octopode Shapeshifter)        Turns: 4627, Time: 00:03:56

Health: 0/54       AC:  1    Str: 15    XL:     8   Next: 81%
Magic:  8/8        EV: 14    Int: 12    God:
Gold:   428        SH:  0    Dex: 12    Spells: 7/7 levels left

rFire   . .          .
                       - Unarmed
rCold   . . .        (no shield)
rNeg    . . .        (helmet currently unavailable)
rPois   .            (no amulet)
rElec   .            (no ring)
rCorr   .            (no ring)
SInv    .            (no ring)
Will    .....        (no ring)
Stlth   ++           (no ring)
HPRegen 0.29/turn    (no ring)
MPRegen 0.11/turn    (no ring)
                     (no ring)

%: no passive effects
@: mighty, lethally poisoned (0 -> -9), beast-form, studying Maces & Flails
A: beast (slay +3), almost no armour, amphibious, 8 rings, camouflage 1,
gelatinous body 1, (nimble swimmer 1), tentacles
a: Begin Untransformation


You were on level 6 of the Dungeon.
You were a hulking beast.
You visited 1 branch of the dungeon, and saw 6 of its levels.

You collected 428 gold pieces.

Inventory:

Jewellery
 n - an amulet of the acrobat
Talismans
 b - a beast talisman
 c - a flux talisman
Wands
 l - a wand of flame (13)
Scrolls
 e - a scroll of fog {unknown}
 f - 4 scrolls of identify {unknown}
 h - 2 scrolls of enchant armour {unknown}
 k - a scroll of teleportation {unknown}
 m - a scroll of amnesia {unknown}
 o - a scroll of poison {unknown}
 p - a scroll of torment {unknown}
 s - a scroll of blinking {unknown}
 t - a scroll of revelation {unknown}
Potions
 a - 2 potions of lignification
 d - 2 potions of attraction
 g - 2 potions of brilliance
 q - a potion of heal wounds {unknown}
 r - a potion of ambrosia {unknown}


   Skills:
 + Level 4.2 Fighting
 + Level 4.6 Dodging
 * Level 6.9 Unarmed Combat
 * Level 6.4 Shapeshifting


You had 7 spell levels left.
You didn't know any spells.
Your spell library contained the following spells:

 Spells                   Type           Power      Damage    Failure   Level
 Foxfire                  Conj/Fire      0%         2x1d4     32%         1
 Ozocubu's Armour         Ice            0%         N/A       69%         3
 Metabolic Englaciation   Hex/Ice        0%         N/A       100%        5
 Plasma Beam              Fire/Air       0%         2x1d10    100%        6
 Sculpt Simulacrum        Ice/Alch       0%         N/A       100%        6
 Starburst                Conj/Fire      0%         6d3       100%        6


Dungeon Overview and Level Annotations

Branches:
Dungeon (6/15)
 Temple: D:4-7

Altars:
Okawaru
Xom


Innate Abilities, Weirdness & Mutations

You are a hulking beast.
Your limbs bulge with bestial killing power. (Slay +3)
You cannot wear most types of armour.
You are amphibious.
You can wear up to eight rings at the same time.
Your skin changes colour to match your surroundings (Stealth+).
Your rubbery body absorbs attacks. (AC +1, EV +1)
((You are camouflaged when in or above water. (Stealth+)))
You have tentacles for arms and can constrict up to eight enemies at once.


Message History

You miss the killer bee.
The killer bee buzzes angrily.
Your grab misses the killer bee. The killer bee closely misses you. x2
The killer bee stings you.
You are poisoned.
The killer bee poisons you! The killer bee misses you.
You closely miss the killer bee. Your grab misses the killer bee.
You squeeze the killer bee.
The killer bee is lightly wounded.
You feel sick. The killer bee misses you. The killer bee closely misses you.
You tentacle-slap the killer bee but do no damage.
You grab the killer bee.
The killer bee is lightly wounded.
You constrict the killer bee.
You feel sick. The killer bee stings you. The killer bee misses you.
The killer bee closely misses you.
You bludgeon the killer bee! You squeeze the killer bee.
You kill the killer bee!
You feel sick. The killer bee stings you. x2
You are more poisoned.
The killer bee poisons you! The killer bee stings you!
* * * LOW HITPOINT WARNING * * *
You are lethally poisoned!
The killer bee poisons you!
You feel better. The killer bee completely misses you.
The killer bee barely misses you. The killer bee completely misses you.
The killer bee barely misses you.
You tentacle-slap the killer bee. You grab the killer bee.
The killer bee is moderately wounded.
You constrict the killer bee. The killer bee stings you.
The killer bee stings you!
* * * LOW HITPOINT WARNING * * *
The killer bee stings you.
* * * LOW HITPOINT WARNING * * *
You are lethally poisoned!
The killer bee poisons you! The killer bee stings you.
* * * LOW HITPOINT WARNING * * *
It was a potion of might.
You feel very mighty all of a sudden.
You constrict the killer bee.
You die...

##################
..#..##..........##
.....#...>....#...#
###'###'###'###...#
#..#.......#..#...#
#..#.......#..#†hy#
+..'###+###+..'†y##
#..#.+...+ #..##.#
#..#.#...# #..#....
+##'.#._.#
+##+......
#..#.#...# ###..###
#..#.'...+ ..#
'..'###+## ...
#..#.......


You could see 2 killer bees.

Vanquished Creatures
  Pikel (D:4)
  Sigmund (D:2)
  Edmund (D:4)
  A centaur (D:4)
  A gnoll sergeant (D:5)
  4 killer bees (D:6)
  2 bombardier beetles
  A hound (D:4)
  An orc priest (D:4)
  A jelly (D:6)
  3 orc wizards
  13 adders
  A white imp (D:5)
  A ribbon worm (D:4)
  2 dart slugs (D:3)
  15 orcs
  4 bats
  An endoplasm (D:1)
  4 giant cockroaches
  7 goblins
  8 hobgoblins
  4 jackals
  5 quokkas
  8 ball pythons
  6 frilled lizards
  10 kobolds
  8 rats
114 creatures vanquished.

Notes
Turn   | Place    | Note
-------+----------+-------------------------------------------
     0 | D:1      | Alphaeus the Octopode Shapeshifter began the quest for the
                  | Orb.
     0 | D:1      | Reached XP level 1. HP: 13/13 MP: 1/1
    63 | D:1      | Reached XP level 2. HP: 12/18 MP: 2/2
   723 | D:1      | Reached XP level 3. HP: 23/23 MP: 3/3
  1025 | D:2      | Noticed Sigmund
  1030 | D:2      | Killed Sigmund
  1031 | D:2      | Reached XP level 4. HP: 27/29 MP: 4/4
  1031 | D:2      | Reached XP level 5. HP: 32/34 MP: 5/5
  1138 | D:2      | Reached XP level 6. HP: 29/39 MP: 6/6
  2245 | D:3      | Found a shimmering altar of Xom.
  2621 | D:4      | Reached skill level 5 in Unarmed Combat
  2736 | D:4      | Reached XP level 7. HP: 39/45 MP: 7/7
  3076 | D:4      | Identified the +1 ring mail "Weisocare" {rElec Will- Dex+2}
  3104 | D:4      | Noticed Pikel
  3115 | D:4      | Killed Pikel
  3116 | D:4      | Reached skill level 5 in Shapeshifting
  3116 | D:4      | Reached XP level 8. HP: 26/52 MP: 8/8
  3565 | D:5      | Entered Level 5 of the Dungeon
  3745 | D:5      | Noticed Edmund
  3793 | D:4      | Killed Edmund
  4570 | D:6      | Found an iron altar of Okawaru.
  4627 | D:6      | Succumbed to a killer bee's poison

Illustrated notes

Levels and vault maps discovered:
D:1:      saegor_arrival_simple_a, layout_basic, minmay_pentomino_x4
D:2:      layout_loops_ring, uniq_sigmund
D:3:      layout_loops_corners, overflow_temple_1_default
D:4:      layout_loops_cross, minmay_manual_mess, uniq_pikel
D:5:      layout_rooms, mrwooster_statue_mirror, nicolae_fountain_basement,
          uniq_edmund
D:6:      layout_gridville, mainiacjoe_overflow_24_doors,
          minmay_temple_entry_water_ring, portal_sewer_entry_e, uniq_jeremiah

Skill      XL: |  1  2  3  4  5  6  7  8 |
---------------+-------------------------+-----
Fighting       | 2 3 4 |  4.2
Unarmed Combat | 4 5 6 |  6.9
Shapeshifting  | 4 5 6 |  6.4
Dodging        | 3 4 |  4.6

Action                     |  1- 3 |  4- 6 |  7- 9 || total
---------------------------+-------+-------+-------++-------
  Melee: Unarmed           |    58 |    71 |    91 ||   220
         Constrict         |    11 |    19 |    23 ||    53
         Punch             |     2 |     3 |     4 ||     9
         Tentacles         |     4 |    10 |    20 ||    34
    Use: Potion            |       |     2 |     4 ||     6
   Stab: Sleeping          |     5 |     5 |     3 ||    13
 Armour: Skin              |    22 |    68 |    61 ||   151
  Dodge: Dodged            |    29 |    30 |    86 ||   145
